 Dungeon Crawl Stone Soup version 0.19-a0-1834-g6b7851e (webtiles) character file.

203 Zhenya24pyc the Skirmisher (level 5, 0/34 HPs)
             Began as a Gargoyle Fighter on Oct 8, 2016.
             Slain by Sigmund
             ... wielding a +0 scythe
              (4 damage)
             ... on level 3 of the Dungeon.
             The game lasted 00:02:48 (1728 turns).

Zhenya24pyc the Skirmisher (Gargoyle Fighter)       Turns: 1728, Time: 00:02:49

Health: 0/34       AC: 13    Str: 21    XL:     5   Next: 81%
Magic:  5/5        EV:  7    Int:  8    God:
Gold:   150        SH:  9    Dex:  9    Spells: 0 memorised, 4 levels left

rFire  . . .     SeeInvis .     a - +0 flail
rCold  . . .     Gourm    .     b - +0 scale mail
rNeg   + . .     Faith    .     c - +0 shield
rPois  ∞         Spirit   .     (no helmet)
rElec  +         Dismiss  .     m - +0 cloak
rCorr  .         Reflect  .     (no gloves)
MR     .....     Harm     .     n - +0 pair of boots
Stlth  ..........               (no amulet)
                                (no ring)
                                (no ring)

@: no status effects
A: negative energy resistance 1, electricity resistance, unbreathing,
petrification resistance, rot immunity, AC +4
a: no special abilities


You were on level 3 of the Dungeon.
You were not hungry.

You visited 1 branch of the dungeon, and saw 3 of its levels.

You collected 150 gold pieces.

Inventory:

Hand Weapons
 a - a +0 flail (weapon)
Armour
 b - a +0 scale mail (worn)
 c - a +0 shield (worn)
 m - a +0 cloak (worn)
 n - a +0 pair of boots (worn)
Scrolls
 e - a scroll of remove curse {unknown}
 g - a scroll of fear {unknown}
 h - 3 scrolls of identify {unknown}
 j - 2 scrolls of fog {unknown}
 l - 2 scrolls of enchant weapon {unknown}
 o - a scroll of teleportation {unknown}
 p - a scroll of noise {unknown}
 q - a scroll of recharging {unknown}
Potions
 d - a potion of might
 i - a potion of brilliance {unknown}
 k - 2 potions of flight {unknown}
 r - 2 potions of resistance {unknown}
Comestibles
 f - a bread ration
 s - 4 chunks of flesh
 t - a fruit
 u - a beef jerky


   Skills:
 + Level 4.4 Fighting
 * Level 4.4 Maces & Flails
 + Level 4.2 Armour
 - Level 3.2 Shields


You had 4 spell levels left.
You didn't know any spells.

Dungeon Overview and Level Annotations

Branches:
Dungeon (3/15)

Altars:

Annotations:
D:3 Sigmund


Innate Abilities, Weirdness & Mutations

You are resistant to torment.
Your stone body is resilient. (AC +4)
You are immune to poison.
You resist negative energy. (rN+)
You are resistant to electric shocks. (rElec)
You can survive without breathing.
You are immune to petrification.
You are immune to rotting.


Message History

* * * LOW HITPOINT WARNING * * *
You bump into the rock wall.
Something hits you but does no damage.
You bump into the rock wall.
You bump into the rock wall.
You feel less confused.
You hear some strange, mumbled words.
A magic dart appears from out of thin air!
The magic dart hits you! Something hits you.
* * * LOW HITPOINT WARNING * * *
Something hits you but does no damage.
You sock something! You closely miss something. Something hits you.
* * * LOW HITPOINT WARNING * * *
You miss something. You block something's attack.
You barely miss something. Something hits you but does no damage.
Some of the chunks of flesh in your inventory have rotted away.
You miss something. Something hits you but does no damage.
You barely miss something. Something hits you.
You die...

..............#
####.#.......
...##+#.......##
###......###### ###
#........# #...÷##..######
#........# #....##..#...##
#........###....##..#...##
+.........##....##..#...##
#.........##....##..#...##
#########.##....##..#...##
#@##........#.....
######.##....###>....#.
#...†..##............#.
#...)..##............#.
#......# .#.##......#.
..........# .. ........#.
......##### # .######..#.
...... #..#. ...... ..#


There were no monsters in sight!

Vanquished Creatures
  A scorpion (D:3)
  An orc wizard (D:3)
  3 adders
  2 gnolls (D:1)
  3 worms (D:2)
  A dart slug (D:1)
  A leopard gecko (D:1)
  6 orcs (D:3)
  A giant cockroach (D:1)
  6 goblins
  7 hobgoblins
  9 jackals
  3 ball pythons
  7 bats
  7 frilled lizards
  7 kobolds
  4 rats
69 creatures vanquished.

Notes
Turn   | Place    | Note
-------+----------+-------------------------------------------
     0 | D:1      | Zhenya24pyc the Gargoyle Fighter began the quest for the Orb.
     0 | D:1      | Reached XP level 1. HP: 14/14 MP: 1/1
   133 | D:1      | Reached XP level 2. HP: 13/19 MP: 2/2
   427 | D:1      | Reached XP level 3. HP: 19/24 MP: 3/3
   721 | D:2      | Reached XP level 4. HP: 17/29 MP: 4/4
  1560 | D:3      | Reached XP level 5. HP: 29/34 MP: 5/5
  1688 | D:3      | Noticed Sigmund
  1728 | D:3      | Slain by Sigmund

Vault maps used:
D:1:      roderic_crossed_star
D:2:      hex_intersection
D:3:      first_bread, uniq_iyjb, uniq_sigmund

Skill      XL: |  1  2  3  4 |
---------------+-------------+-----
Maces & Flails | 3 4 |  4.4
Fighting       | 4 |  4.4
Armour         | 4 |  4.2
Shields        | |  3.2

Action                   |  1- 3 |  4- 6 || total
-------------------------+-------+-------++-------
Melee: Flail             |   142 |   153 ||   295
  Eat: Chunk             |       |     3 ||     3
Armor: Scale mail        |   100 |   153 ||   253
Dodge: Dodged            |    60 |   108 ||   168
Block: Shield            |    85 |   128 ||   213
